 Dungeon Crawl Stone Soup version 0.18-a0-626-geb0fed7 (webtiles) character file.

371 Proton the Shield-Bearer (level 7, -2/55 HPs)
             Began as a Formicid Fighter on Dec 4, 2015.
             Killed by divine providence
             ... invoked by an orc priest
              (14 damage)
             ... on level 4 of the Dungeon.
             The game lasted 00:05:09 (3037 turns).

Proton the Shield-Bearer (Formicid Fighter)         Turns: 3037, Time: 00:05:09

Health: -2/55      AC:  9    Str: 22    XL:     7   Next: 2%
Magic:  7/7        EV:  6    Int:  8    God:
Gold:   103        SH: 10    Dex: 10    Spells: 0 memorised, 6 levels left

rFire  . . .     SeeInvis +     a - +0 war axe
rCold  . . .     Clarity  .     j - +0 chain mail
rNeg   . . .     SustAt   .     c - +0 shield
rPois  .         Gourm    .     (helmet unavailable)
rElec  .         Spirit   .     (no cloak)
rCorr  .         Dismiss  .     (no gloves)
rMut   .         Stasis   +     (no boots)
MR     .....                    (no amulet)
Stlth  ..........               (no ring)
                                (no ring)

@: not resistant to hostile enchantments, extremely unstealthy
A: permanent stasis, dig shafts and tunnels, four strong arms, antennae 3
a: Dig, Shaft Self


You were on level 4 of the Dungeon.
You were not hungry.

You visited 1 branch of the dungeon, and saw 4 of its levels.

You collected 103 gold pieces.

Inventory:

Hand Weapons
 a - a +0 war axe (weapon)
Armour
 c - a +0 shield (worn)
 j - a +0 chain mail (worn)
Scrolls
 f - a scroll of teleportation {unknown}
 h - a scroll of remove curse {unknown}
 k - 3 scrolls of amnesia {unknown}
 l - a scroll of blinking {unknown}
 o - a scroll of fear {unknown}
Potions
 d - a potion of might
 e - a potion of mutation {unknown}
 g - 3 potions of curing {unknown}
 i - a potion of cancellation {unknown}
 m - a potion of agility {unknown}
 n - a potion of brilliance {unknown}
Comestibles
 b - a beef jerky


   Skills:
 + Level 4.4 Fighting
 * Level 4.7 Axes
 + Level 4.4 Armour
 + Level 5.2 Shields


You had 6 spell levels left.
You didn't know any spells.

Dungeon Overview and Level Annotations

Branches:
Dungeon (4/15)
 Temple: D:4-7

Altars:
Elyvilon
Fedhas
Trog
The Shining One

Annotations:
D:2 exclusion: oklob plant
D:3 Sigmund


Innate Abilities, Weirdness & Mutations

You are under a permanent stasis effect.
You can dig through walls and to a lower floor.
Your four strong arms can wield two-handed weapons with a shield.
You have a pair of large antennae on your head (SInv).


Message History

Items here: ) ? [ † a hand axe; a robe; a scroll labeled TUN DUOTHYD; an orc corpse You closely miss the orc.
The orc hits you but does no damage.
You slash the orc!
You kill the orc!
An orc priest comes into view. It is wielding a short sword.
The orc priest calls down the wrath of Beogh upon you.
Something smites you!
* * * LOW HITPOINT WARNING * * *
Things that are here:
a hand axe; 15 stones; an orc corpse
Items here: ) ? [ † a hand axe; a robe; a scroll labeled TUN DUOTHYD; an orc corpse Are you sure you want to shaft yourself?
You feel quite a bit more hungry.
The orc priest casts a cantrip, but nothing happens.
You begin to dig a shaft.
You continue digging a shaft.
The orc priest calls down the wrath of Beogh upon you.
Something smites you!
You die...

#.....# #.....# .....)#
....(# . .....###.
...####### #o.#.....
#......†#####......# ##
#......())..# #.
#.....#....@).### #.# #..
#..######)..#..# .. ...# #
##†.#..######.. ###
#####..##......##..######
.##.....###.####...........
.....................#..###
#..............##..........
...###..#..#...#..#.#.....#
.. ##..##....##.##........


You could see an orc priest.

Vanquished Creatures
  A phantom (D:4)
  A scorpion (D:4)
  A crimson imp (D:4)
  A worker ant (D:4)
  2 orc wizards (D:4)
  Robin (D:2)
  3 adders
  A worm (D:2)
  2 giant geckos
  5 orcs (D:4)
  4 bats
  4 giant cockroaches
  13 goblins
  14 hobgoblins
  A quokka (D:3)
  A ball python (D:2)
  2 giant newts
  A goblin skeleton (D:4)
  A goblin zombie (D:4)
  2 hobgoblin zombies (D:4)
  8 jackals (D:1)
  7 kobolds
  A kobold skeleton (D:4)
  A kobold zombie (D:4)
  An orc skeleton (D:4)
  4 rats
83 creatures vanquished.

Notes
Turn   | Place    | Note
--------------------------------------------------------------
     0 | D:1      | Proton the Formicid Fighter began the quest for the Orb.
     0 | D:1      | Reached XP level 1. HP: 18/18 MP: 1/1
   118 | D:1      | Reached XP level 2. HP: 20/24 MP: 2/2
   688 | D:1      | Reached XP level 3. HP: 26/29 MP: 3/3
  1114 | D:2      | Found a blossoming altar of Fedhas.
  1131 | D:2      | Noticed an oklob plant
  1173 | D:2      | Reached skill level 4 in Shields
  1311 | D:2      | Reached XP level 4. HP: 33/37 MP: 4/4
  1564 | D:2      | Noticed Robin
  1585 | D:2      | Killed Robin
  1694 | D:2      | Found a bloodstained altar of Trog.
  2130 | D:3      | Noticed Sigmund
  2489 | D:4      | Found a white marble altar of Elyvilon.
  2496 | D:4      | Noticed a phantom
  2535 | D:4      | Reached XP level 5. HP: 24/42 MP: 5/5
  2846 | D:4      | Killed a phantom
  2846 | D:4      | Reached XP level 6. HP: 34/48 MP: 6/6
  2861 | D:4      | Found a glowing golden altar of the Shining One.
  2901 | D:4      | Reached skill level 5 in Shields
  3029 | D:4      | Reached XP level 7. HP: 26/55 MP: 7/7
  3037 | D:4      | Killed from afar by an orc priest

Vault maps used:
D:1:      dpeg_arrival_rooms_with_view
D:2:      bloody_trog, tgw_fedhas, uniq_robin
D:3:      uniq_sigmund
D:4:      nicolae_tso_besieged_by_evil, serial_shops,
          nicolae_shop_competitors_out_of_business, elyvilon_altar_5,
          uniq_duvessa

Action                   |  1- 3 |  4- 6 |  7- 9 || total
-------------------------+-------+-------+-------++-------
Melee: War axe           |   110 |   205 |     2 ||   317
 Abil: Shaft Self        |       |       |     1 ||     1
  Eat: Bread ration      |     1 |     1 |       ||     2
